Map: Emerald City LE

Players

Massa - Winner!

  • Race: Terran Terran
  • League: Platinum
  • Spawn Location: 5:00

qqq - Winner!

  • Race: Protoss Protoss
  • Spawn Location: 5:00

GearShift

  • Race: Terran Terran
  • League: Diamond
  • Spawn Location: 11:00

ZoniDruid

  • Race: Protoss Protoss
  • League: Platinum
  • Spawn Location: 11:00

VOD

Have the link to the VOD?

Description

Time

  • Played on: Nov. 8, 2020, 7:27 a.m.
  • Length: 13:44
Show
View Real Time Build Order
Export as new Build Order

Massa Terran - Winner!

Build Orders: 2 Factory, Gas First Reaper Expand 

Get SALT Encoding   

  12  0:00  SCV  
  13  0:12  SCV  
  14  0:23  Supply Depot  
  14  0:25  SCV  
  15  0:29  Refinery  
  15  0:45  SCV  
  15  0:46  Barracks  
  16  0:57  SCV  
  17  1:09  SCV  
  18  1:23  SCV  
  19  1:33  Reaper  
  19  1:35  Orbital Command  
  20  1:45  Command Center  
  20  2:02  Supply Depot  
  20  2:05  Marine  
  20  2:06  SCV  
  22  2:18  SCV  
  23  2:24  Barracks Reactor  
  23  2:30  Factory  
  23  2:31  Supply Depot  
  23  2:43  SCV  
  24  2:53  Barracks  
  24  2:54  Barracks  
  24  2:58  Factory  
  24  3:04  Marine x2  
  26  3:08  SCV  
  27  3:16  Orbital Command  
  27  3:20  Factory Tech Lab  
  27  3:21  Marine  
  27  3:22  Marine  
  29  3:40  SCV  
  29  3:42  SCV  
  29  3:44  Barracks Tech Lab  
  29  3:46  Marine x2  
  32  3:49  Siege Tank  
  32  3:52  SCV  
  32  3:54  Hellion, Marine  
  39  4:03  SCV  
  39  4:04  SCV  
  39  4:08  Supply Depot  
  41  4:10  Supply Depot  
  41  4:11  Marauder  
  41  4:13  Barracks Tech Lab  
  43  4:18  Marine x2  
  45  4:33  SCV x2, Marauder  
  45  4:36  Marine x2  
  45  4:37  Marauder  
  53  4:43  Refinery  
  53  4:44  Refinery  
  53  4:45  SCV  
  54  4:49  Engineering Bay  
  54  4:50  Factory Tech Lab  
  54  4:53  Marine  
  54  4:54  Marine  
  39  6:26  Missile Turret  
  39  6:29  Missile Turret  
  39  6:32  SCV x2, Missile Turret  
  41  6:34  Stimpack  
  41  6:36  Terran Infantry Weapons Level 1, Siege Tank  
  44  6:40  Marauder x2, Marine x2  
  44  6:44  SCV x2  
  52  6:50  Refinery  
  52  6:56  SCV x2, Concussive Shells  
  52  6:58  Marine x2  
  52  7:01  Marine  
  56  7:04  Refinery  
  57  7:08  SCV x2  
  57  7:12  Starport  
  59  7:20  SCV  
  60  7:23  Missile Turret  
  60  7:35  Missile Turret  
  60  7:38  Marauder x2  
  60  7:42  Combat Shield  
  64  7:49  Supply Depot  
  64  7:58  Medivac  
  64  7:59  Marauder  
  64  8:05  Armory  
  68  8:07  Widow Mine  
  68  8:11  Widow Mine  
  72  8:15  SCV  
  72  8:16  SCV  
  74  8:23  Supply Depot  
  74  8:27  SCV  
  74  8:28  SCV  
  74  8:32  Supply Depot  
  76  8:37  Terran Infantry Armor Level 1  
  76  8:47  Marauder  
  76  8:48  Marauder  
  80  8:49  Marine  
  80  8:50  Marine  
  82  9:05  Drilling Claws  
  82  9:07  Marine  
  82  9:09  Marauder  
  85  9:16  Command Center  
  85  9:21  Medivac  
  89  9:24  Marauder  
  89  9:25  Marine  
  89  9:26  Siege Tank  
  93  9:37  Supply Depot  
  93  9:44  Supply Depot  
  93  9:48  Supply Depot  
  93  9:57  SCV  
  93  9:58  SCV, Marauder, Siege Tank  
  100  10:09  SCV, Siege Tank  
  100  10:11  Marauder, Marine  
  100  10:14  Marine  
  107  10:19  Marine  
  109  10:37  Missile Turret  
  109  10:43  Sensor Tower  
  109  10:51  Terran Infantry Weapons Level 2, Missile Turret  
  109  10:52  Sensor Tower  
  109  10:56  Starport Reactor  
  109  10:58  Engineering Bay, Missile Turret  
  109  11:11  Marauder x2, Marine x2  
  115  11:12  Siege Tank x2  
  115  11:13  Missile Turret  
  115  11:18  Planetary Fortress  
  119  11:49  SCV x2  
  93  12:01  SCV x2  
  93  12:05  Marauder  
  93  12:06  Marauder, Marine  
  84  12:13  SCV  
  75  12:27  SCV, Marauder  
  75  12:28  SCV x2, Marauder  
  82  12:37  Command Center  
  82  12:39  SCV  
  82  12:40  SCV x2  
  85  12:48  Marauder  
  85  12:49  Marauder  
  89  12:52  SCV x3  
  92  13:10  Marauder x2  
Show
View Real Time Build Order
Export as new Build Order

qqq Protoss - Winner!

Build Orders: 1 Gate Expand, Carriers 

Get SALT Encoding   

  12  0:00  Probe  
  13  0:13  Probe  
  14  0:23  Pylon  
  14  0:30  Probe  
  15  0:42  Probe  
  16  0:47  Gateway  
  16  0:54  Probe  
  17  1:06  Probe  
  19  1:18  Probe  
  19  1:30  Probe  
  20  1:42  Nexus  
  20  1:45  Cybernetics Core  
  20  1:51  Probe  
  21  1:59  Assimilator  
  21  2:03  Probe, Assimilator  
  22  2:15  Probe  
  23  2:34  Pylon  
  23  2:40  Pylon  
  23  2:52  Probe  
  23  2:53  Stalker (Chrono Boost)  
  23  2:58  Probe  
  26  3:04  Probe, Gateway  
  27  3:07  Stargate  
  27  3:10  Probe  
  28  3:16  Probe  
  29  3:21  Stalker  
  29  3:22  Probe  
  32  3:29  Probe  
  33  3:34  Probe  
  33  3:41  Probe  
  35  3:46  Probe  
  36  3:51  Stalker  
  36  3:53  Probe (Chrono Boost)  
  36  3:54  Pylon, Stargate  
  39  4:00  Probe (Chrono Boost)  
  40  4:05  Probe (Chrono Boost)  
  40  4:06  Assimilator  
  42  4:10  Probe (Chrono Boost), Phoenix, Assimilator  
  42  4:12  Probe (Chrono Boost)  
  42  4:14  Probe (Chrono Boost)  
  42  4:15  Stalker  
  48  4:19  Probe  
  49  4:25  Probe  
  50  4:31  Probe  
  50  4:35  Phoenix  
  50  4:37  Probe  
  54  4:42  Phoenix  
  54  4:43  Probe  
  57  4:49  Probe  
  58  5:01  Probe  
  58  5:06  Robotics Facility  
  59  5:13  Probe  
  58  5:42  Forge  
  56  5:44  Phoenix x2, Pylon  
  59  6:07  Observer (Chrono Boost)  
  59  6:10  Phoenix  
  59  6:18  Fleet Beacon  
  59  6:26  Probe x2  
  61  6:44  Nexus  
  61  6:46  Pylon  
  61  6:48  Pylon  
  61  6:50  Pylon  
  47  7:36  Phoenix x2  
  49  7:45  Anion Pulse-Crystals  
  49  7:49  Observer  
  50  7:53  Probe  
  50  7:55  Probe  
  50  7:58  Carrier x2 (Chrono Boost)  
  52  8:01  Photon Cannon  
  52  8:04  Photon Cannon  
  52  8:05  Probe  
  65  8:06  Protoss Air Weapons Level 1  
  65  8:07  Probe  
  65  8:09  Photon Cannon  
  66  8:16  Assimilator  
  66  8:17  Probe  
  67  8:22  Assimilator  
  67  8:29  Probe  
  68  8:38  Stargate  
  68  8:39  Nexus  
  68  8:41  Probe, Photon Cannon  
  68  8:43  Pylon x2  
  68  8:45  Pylon  
  68  8:48  Pylon  
  69  8:49  Pylon  
  69  8:54  Probe (Chrono Boost)  
  69  8:55  Tempest, Carrier  
  81  9:04  Probe (Chrono Boost)  
  81  9:09  Probe (Chrono Boost)  
  82  9:17  Photon Cannon  
  83  9:19  Photon Cannon  
  83  9:20  Probe  
  83  9:22  Photon Cannon  
  84  9:25  Photon Cannon  
  84  9:27  Photon Cannon  
  84  9:30  Shield Battery  
  84  9:33  Probe  
  85  9:42  Carrier  
  85  9:45  Probe  
  92  9:57  Probe  
  93  10:00  Tempest  
  98  10:09  Probe, Observer, Nexus  
  98  10:10  Void Ray  
  98  10:12  Pylon  
  100  10:14  Pylon  
  105  10:24  Probe (Chrono Boost)  
  105  10:25  Probe (Chrono Boost)  
  106  10:32  Photon Cannon  
  106  10:35  Probe (Chrono Boost)  
  108  10:36  Photon Cannon  
  108  10:37  Probe (Chrono Boost)  
  108  10:39  Probe (Chrono Boost)  
  108  10:42  Photon Cannon  
  109  10:45  Probe  
  109  10:48  Photon Cannon  
  110  10:51  Probe  
  110  10:54  Phoenix x2  
  115  10:57  Probe  
  115  10:58  Phoenix  
  115  11:03  Probe  
  119  11:09  Probe  
  118  11:15  Probe  
  119  11:18  Tempest  
  119  11:20  Probe  
  126  11:27  Probe  
  126  11:30  Protoss Air Armor Level 1  
  126  11:32  Probe  
  127  11:36  Tempest  
  127  11:37  Carrier  
  121  12:18  Carrier  
  121  12:19  Carrier  
  127  12:41  Tempest  
  116  13:24  Probe x2  
  133  13:32  Stargate  
  133  13:33  Stargate  
  133  13:36  Stargate  
Show
View Real Time Build Order
Export as new Build Order

GearShift Terran 

Build Orders: Mech 

Get SALT Encoding   

  12  0:01  SCV  
  13  0:13  SCV  
  14  0:17  Supply Depot  
  14  0:25  SCV  
  15  0:28  Refinery  
  15  0:39  SCV  
  16  0:46  Barracks  
  16  0:52  SCV  
  17  1:04  SCV  
  18  1:19  SCV  
  19  1:33  Orbital Command, Reaper  
  20  1:44  Refinery  
  20  1:50  Factory  
  20  1:59  SCV  
  21  2:07  Reaper  
  22  2:30  Supply Depot  
  22  2:34  Starport  
  22  2:39  SCV  
  22  2:40  Barracks Reactor  
  23  2:45  Factory Tech Lab  
  23  2:51  SCV, Command Center  
  24  3:03  SCV  
  28  3:05  Cyclone  
  28  3:15  SCV  
  28  3:17  Viking  
  31  3:24  Marine x2  
  33  3:28  Supply Depot  
  33  3:49  SCV  
  33  3:53  Factory  
  34  4:01  SCV  
  35  4:08  Siege Tank  
  38  4:13  SCV  
  38  4:14  Engineering Bay  
  39  4:20  Orbital Command  
  39  4:36  Viking x2  
  43  4:41  Factory Tech Lab  
  43  4:56  SCV x2  
  45  5:03  Missile Turret  
  45  5:05  Barracks Reactor  
  45  5:06  Missile Turret  
  45  5:07  Starport  
  45  5:08  Factory  
  45  5:10  SCV x2  
  47  5:14  Refinery  
  47  5:23  Cyclone  
  47  5:26  SCV x2  
  52  5:33  Supply Depot  
  52  5:38  SCV x2  
  54  5:50  SCV x2  
  56  6:02  SCV  
  56  6:03  SCV  
  56  6:04  Hellion x2  
  62  6:05  Siege Tank x2  
  68  6:13  Refinery  
  68  6:14  SCV  
  68  6:15  SCV  
  68  6:18  Sensor Tower  
  70  6:30  Command Center  
  70  6:34  SCV x2  
  70  6:36  Supply Depot  
  70  6:38  Supply Depot  
  72  6:43  Armory  
  65  7:18  Cyclone x2  
  68  7:25  SCV  
  68  7:26  SCV  
  67  7:38  SCV x2  
  69  7:47  Refinery  
  69  7:48  Planetary Fortress  
  69  7:50  SCV x2  
  71  7:55  Thor x2  
  71  7:57  Hellion x2  
  87  8:01  Command Center  
  87  8:02  SCV x2  
  89  8:07  Missile Turret  
  89  8:14  SCV x2  
  89  8:18  Refinery  
  91  8:26  SCV x2  
  93  8:29  Hellion x2, Viking x2  
  101  8:35  SCV  
  101  8:38  SCV x2  
  104  8:47  SCV  
  105  8:50  SCV x2, Missile Turret  
  107  8:59  SCV  
  107  9:02  SCV  
  109  9:05  Hellion x2, Siege Tank  
  109  9:06  Supply Depot  
  109  9:07  Supply Depot, Terran Vehicle Weapons Level 1  
  116  9:11  Armory  
  116  9:13  Siege Tank  
  116  9:14  Orbital Command  
  119  9:28  Missile Turret  
  123  9:31  Hellion x2  
  123  9:33  Barracks Tech Lab  
  123  9:36  Factory  
  123  9:37  Infernal Pre-Igniter  
  123  9:42  Siege Tank  
  126  9:49  Thor  
  132  9:54  Viking x2  
  132  9:59  Supply Depot  
  136  10:00  Supply Depot  
  136  10:03  Terran Ship Weapons Level 1  
  136  10:06  SCV x2  
  138  10:18  Command Center  
  138  10:25  Thor  
  138  10:26  Hellion x2  
  148  10:35  Thor  
  154  10:56  Viking x2  
  158  11:14  Thor  
  161  11:40  Thor x2  
  161  11:42  Hellion x2  
  111  12:23  Hellion x2, Thor  
  108  12:30  Viking x2  
  88  13:05  Viking x2  
Show
View Real Time Build Order
Export as new Build Order

ZoniDruid Protoss 

Build Orders: Zealot Archon, Dark Templar Rush 

Get SALT Encoding   

  12  0:19  Probe  
  13  0:25  Pylon  
  13  0:31  Probe  
  14  0:43  Probe (Chrono Boost)  
  14  0:45  Gateway  
  14  0:46  Assimilator  
  15  0:55  Probe (Chrono Boost)  
  16  1:00  Probe (Chrono Boost)  
  17  1:10  Probe  
  18  1:12  Assimilator  
  18  1:15  Pylon  
  18  1:27  Gateway  
  18  1:31  Probe  
  19  1:39  Cybernetics Core  
  19  1:43  Probe  
  20  1:55  Probe  
  21  2:07  Probe  
  22  2:09  Warp Gate (Chrono Boost)  
  22  2:21  Twilight Council  
  22  2:23  Pylon  
  22  2:27  Robotics Facility  
  22  2:47  Gateway  
  22  2:49  Gateway  
  22  2:58  Dark Shrine  
  22  3:08  Pylon  
  22  3:16  Observer  
  23  3:33  Shield Battery  
  23  3:40  Warp Prism (Chrono Boost)  
  25  4:10  Dark Templar x2  
  25  4:11  Dark Templar  
  31  4:30  Charge (Chrono Boost)  
  31  4:35  Nexus  
  31  4:37  Pylon  
  31  4:53  Observer  
  31  5:01  Dark Templar  
  24  5:31  Zealot x2  
  24  5:32  Zealot  
  24  5:33  Probe  
  31  5:45  Probe  
  32  6:07  Zealot x4  
  40  6:23  Probe x2 (Chrono Boost)  
  40  6:28  Zealot x4  
  50  6:33  Probe x2 (Chrono Boost)  
  50  6:38  Probe x2 (Chrono Boost)  
  50  6:41  Pylon  
  50  6:45  Pylon  
  46  6:59  Forge  
  44  7:13  Assimilator  
  44  7:18  Stalker x2  
  48  7:30  Dark Templar x2  
  48  7:31  Probe  
  53  7:38  Archon  
  53  7:44  Photon Cannon  
  53  7:48  Photon Cannon  
  53  7:50  Probe x2 (Chrono Boost)  
  55  7:53  Observer  
  56  8:03  Photon Cannon  
  56  8:09  Pylon  
  56  8:10  Probe x2 (Chrono Boost)  
  58  8:13  Pylon  
  58  8:15  Observer  
  58  8:16  Sentry  
  58  8:17  Sentry  
  63  8:26  Zealot  
  63  8:27  Zealot  
  67  8:32  Probe x2  
  67  8:33  Protoss Ground Weapons Level 1 (Chrono Boost)  
  69  8:44  Probe  
  69  8:47  Photon Cannon  
  70  8:50  Photon Cannon  
  70  8:57  Photon Cannon  
  70  9:03  Zealot x2  
  70  9:09  Assimilator  
  74  9:10  Zealot  
  75  9:30  Photon Cannon  
  74  9:31  Photon Cannon  
  74  9:36  Stalker x4  
  82  9:40  Probe  
  83  9:48  Photon Cannon  
  83  9:52  Probe  
  84  10:00  Zealot x2  
  84  10:01  Zealot  
  84  10:02  Sentry  
  92  10:08  Probe  
  92  10:09  Probe  
  94  10:19  Forge  
  94  10:35  Nexus  
  94  10:43  Photon Cannon  
  94  10:45  Photon Cannon  
  94  10:59  Dark Templar  
  94  11:00  Zealot, Dark Templar  
  100  11:04  Archon  
  100  11:17  Gateway  
  100  11:18  Gateway  
  100  11:20  Gateway  
  100  11:32  Pylon  
  100  11:34  Pylon  
  42  12:07  Zealot x2  
  42  12:08  Zealot x2  
  46  12:26  Gateway  
  46  12:27  Gateway  
  46  12:30  Gateway x2  
  46  12:32  Gateway x2  
  46  12:36  Dark Templar  
  46  12:37  Dark Templar  
  50  12:38  Sentry x3  
  50  12:42  Archon  
  52  12:56  Stalker x2  
  52  12:58  Probe x2  
  54  13:09  Zealot x4  
  41  13:30  Zealot x3  
  41  13:31  Sentry x3  
  51  13:38  Zealot x3  
  51  13:39  Zealot  
Tags
 
Add a new tag
Caveats
  • Supply blocks, unpowered buildings, or Contaminate may cause inaccurate times.
  • Supply counts are checked every 10 seconds.